cohdb
Replays
Latest Replays
All Replays
Popular Replays
Top Player Replays
Match Explorer
How It Works
Community
CoH3 Stats
Reddit
Sign in to upload your games and track your stats! →
Sign in with Steam
Match 42521028
Unlisted
Match 42521028
Overview
Messages
Build Orders
End
Panzergrenadier Squad
Selects Italian Infantry
250 Light Carrier
Panzergrenadier Squad
Construct Light Support Kompanie
MG34 Team
Selects Sound the Alarm
Fire Support Elements
Combat Half-tracks
Flakvierling Half-track
Construct Mechanized Kompanie
Pak 38 Mechanized Group
StuG III D Assault Gun
Selects Prepared Positions
StuG III D Assault Gun
StuG III D Assault Gun
A_Smoove
Samuel
Dr. Funkenstein
IxEuphoricxI
Eggsellent
hoonigan0311x
0
0
Comments
sign in to comment!
No comments posted yet!